 Dungeon Crawl Stone Soup version 0.21.1-1-g345015f (webtiles) character file.

723 Galewin the Cleaver (level 7, 0/85 HPs)
             Began as a Minotaur Berserker on Apr 23, 2018.
             Was a Priest of Trog.
             Slain by a leopard gecko (3 damage)
             ... on level 4 of the Dungeon.
             The game lasted 00:07:44 (3020 turns).

Galewin the Cleaver (Minotaur Berserker)            Turns: 3020, Time: 00:07:45

Health: 0/85       AC:  3    Str: 28    XL:     7   Next: 43%
Magic:  6/6        EV: 12    Int:  4    God:    Trog [***...]
Gold:   205        SH:  0    Dex: 10    Spells: 6/6 levels left

rFire    . . .     SeeInvis .   a - +0 hand axe
rCold    . . .     Gourm    .   (no shield)
rNeg     . . .     Faith    .   b - +0 animal skin
rPois    .         Spirit   .   (helmet restricted)
rElec    .         Reflect  .   (no cloak)
rCorr    .         Harm     .   (no gloves)
MR       ++...                  r - +0 pair of boots
Stlth    ..........             n - amulet of magic regeneration
HPRegen  1.24/turn              (no ring)
MPRegen  0.35/turn              (no ring)

@: berserking, regenerating, very quick
A: retaliatory headbutt, horns 2
a: Berserk, Trog's Hand, Burn Spellbooks, Renounce Religion


You were on level 4 of the Dungeon.
You worshipped Trog.
Trog was most pleased with you.
You were hungry.

You visited 1 branch of the dungeon, and saw 4 of its levels.
You also visited: Sewer.

You collected 205 gold pieces.

Inventory:

Hand Weapons
 a - a +0 hand axe (weapon)
Armour
 b - a +0 animal skin (worn)
 r - a +0 pair of boots (worn)
Jewellery
 n - an amulet of magic regeneration (around neck)
Wands
 o - a wand of paralysis (8)
Scrolls
 f - 2 scrolls of remove curse
 j - 2 scrolls of identify
 l - 3 scrolls of fog
 q - 3 scrolls of enchant armour {unknown}
 v - a scroll of enchant weapon {unknown}
Potions
 d - 2 potions of invisibility
 e - 2 potions of curing {unknown}
 g - a potion of agility {unknown}
 h - 2 potions of heal wounds {unknown}
 i - a potion of ambrosia {unknown}
 k - 2 potions of haste {unknown}
 p - 2 potions of flight {unknown}
 s - a potion of resistance
 u - a potion of mutation {unknown}
 w - a potion of lignification {unknown}
Comestibles
 c - 5 rations


   Skills:
 - Level 3.6 Fighting
 * Level 10.4 Axes
 - Level 2.4 Armour
 - Level 2.1 Dodging


You had 6 spell levels left.
You didn't know any spells.

Dungeon Overview and Level Annotations

Branches:
Dungeon (4/15)
 Temple: D:4-7

Altars:
Cheibriados
Sif Muna
Vehumet
Yredelemnul

Annotations:
D:4 Sigmund


Innate Abilities, Weirdness & Mutations

You reflexively headbutt those who attack you in melee.
You have a pair of horns on your head.


Message History

You closely miss the leopard gecko. The leopard gecko closely misses you.
Something hits you!
* * * LOW HITPOINT WARNING * * *
You hit the orc priest. You headbutt the orc priest.
The orc priest is moderately wounded.
You miss the leopard gecko.
The leopard gecko bites you but does no damage.
The orc priest barely misses you.
You hit the orc priest.
The orc priest is severely wounded.
You closely miss the leopard gecko. The leopard gecko bites you.
* * * LOW HITPOINT WARNING * * *
The orc priest barely misses you. Something hits you.
* * * LOW HITPOINT WARNING * * *
Unknown command.
A red film seems to cover your vision as you go berserk!
You feel yourself moving faster!
You feel mighty!
You are feeling hungry.
The leopard gecko bites you.
You die...

#..........#####...#
#..................
#..................
#..............#..
#..............#
##.............#
##........$..### #
#####.....†...#.#
#........@o.#
#.......l#..#
####...#.#.$#
#..##......
#...###..#.# #.....
....# ....## .....
#.#..# .... . .##


You could see an orc priest and a leopard gecko.

Vanquished Creatures
  The ghost of inc the Cutter, an amateur OpEn (D:3)
  A phantom (D:4)
  A centaur (D:2)
  A crocodile (Sewer)
  A howler monkey (D:4)
  An iguana (D:4)
  Ijyb (D:2)
  Natasha (thrice) (D:2)
  Robin (D:2)
  2 adders
  3 worms
  2 dart slugs
  6 leopard geckos
  3 orcs
  2 ball pythons
  10 bats
  8 giant cockroaches
  22 goblins
  10 hobgoblins
  2 jackals (D:1)
  5 kobolds
  2 quokkas
  2 frilled lizards
  8 rats
  A spectral orc (D:3)
99 creatures vanquished.

Notes
Turn   | Place    | Note
-------+----------+-------------------------------------------
     0 | D:1      | Galewin the Minotaur Berserker began the quest for the Orb.
     0 | D:1      | Reached XP level 1. HP: 19/19 MP: 0/0
    35 | D:1      | Reached skill level 4 in Axes
    84 | D:1      | Reached XP level 2. HP: 26/26 MP: 1/1
   376 | D:1      | Reached skill level 5 in Axes
   415 | D:1      | Reached XP level 3. HP: 27/31 MP: 2/2
   492 | D:1      | Found a deep blue altar of Sif Muna.
   578 | D:2      | Noticed Robin
   579 | D:2      | Reached ** piety under Trog
   585 | D:2      | Killed Robin
   719 | D:2      | Noticed Ijyb
   722 | D:2      | Reached XP level 4. HP: 38/39 MP: 3/3
   724 | D:2      | Reached skill level 6 in Axes
   729 | D:2      | Paralysed by Ijyb for 3 turns
   735 | D:2      | Killed Ijyb
   769 | D:2      | Noticed Natasha
   780 | D:2      | Killed Natasha
  1462 | D:2      | Reached XP level 5. HP: 45/45 MP: 4/4
  1466 | D:2      | Noticed Natasha
  1468 | D:2      | Noticed a centaur
  1469 | D:2      | Killed Natasha
  1469 | D:2      | Reached skill level 7 in Axes
  1476 | D:2      | Killed a centaur
  1476 | D:2      | Reached skill level 8 in Axes
  1477 | D:2      | Found a radiant altar of Vehumet.
  1547 | D:2      | Noticed Natasha
  1553 | D:2      | Killed Natasha
  1553 | D:2      | Reached XP level 6. HP: 24/51 MP: 5/5
  2113 | D:3      | Found a glowing drain.
  2115 | D:3      | Noticed inc's ghost (amateur OpEn)
  2130 | D:3      | Reached *** piety under Trog
  2133 | D:3      | Killed inc's ghost
  2133 | D:3      | Reached skill level 9 in Axes
  2156 | Sewer    | Entered a sewer
  2202 | Sewer    | Reached XP level 7. HP: 17/57 MP: 6/6
  2730 | D:3      | Found a snail-covered altar of Cheibriados.
  2868 | D:3      | Found a basalt altar of Yredelemnul.
  2915 | D:4      | Reached skill level 10 in Axes
  3004 | D:4      | Noticed Sigmund
  3019 | D:4      | HP: 1/57 [something (5)]
  3020 | D:4      | Slain by a leopard gecko

Skill      XL: |  1  2  3  4  5  6  7 |
---------------+----------------------+-----
Axes           | 4 5 6 8 9 10 | 10.4
Fighting       | |  3.6
Armour         | |  2.4
Dodging        | |  2.1

Action                   |  1- 3 |  4- 6 |  7- 9 || total
-------------------------+-------+-------+-------++-------
Melee: Hand axe          |    66 |    79 |    61 ||   206
       Headbutt          |    10 |    10 |     8 ||    28
Invok: Berserk           |     2 |     4 |     1 ||     7
       Trog's Hand       |       |       |     1 ||     1
  Use: Scroll            |     3 |     1 |     3 ||     7
       Potion            |     1 |       |       ||     1
 Stab: Sleeping          |       |     1 |       ||     1
  Eat: Chunk             |       |     8 |     4 ||    12
Armor: Animal skin       |    10 |    18 |     5 ||    33
Dodge: Dodged            |    42 |    41 |    31 ||   114
